 Dungeon Crawl Stone Soup version 0.29-a0-23-ga79f92ac9c (webtiles) character file.

Game seed: 10452735511253094338

86321 freelancePsychic the Gelid (level 15, -7/144 HPs)
             Began as a Pale Draconian Ice Elementalist on Jan 30, 2022.
             Was an Elder of Ashenzari.
             Mangled by a skeletal warrior (19 damage)
             ... led by a skeletal warrior
             ... while paralysed by an ogre mage
             ... on level 14 of the Dungeon.
             The game lasted 01:03:34 (28088 turns).

freelancePsychic the Gelid (DrIE)                  Turns: 28088, Time: 01:03:34

Health: -7/144     AC: 16    Str: 14    XL:     15   Next: 40%
Magic:  7/32       EV:  2    Int: 28    God:    Ashenzari [****..]
Gold:   1071       SH:  0    Dex: 10    Spells: 13/40 levels left

rFire   + . .      SeeInvis +   a - +5 dagger of Ashenzari's Pleiades {flame, rElec rC+ Int+3, Elem, Fort} (curse)
rCold   + . .      Faith    .   (no shield)
rNeg    + + .      Spirit   .   (armour unavailable)
rPois   .          Reflect  .   p - +0 hat "Omen of the Sky" {Melee, Self} (curse)
rElec   +          Harm     .   s - +0 cloak "Unveiling Irritation" {rCorr Str+3, Range, Elem} (curse)
rCorr   +          Rampage  .   z - +2 pair of gloves "Profound Vision" {Comp, Fort} (curse)
Will    +....      Clarity  +   O - +2 pair of boots "Manifest Incredulity" {Fly, Cun, Elem} (curse)
Stlth   ++++......              y - amulet of the Omniscient Loss {Regen+, Comp, Self} (curse)
HPRegen 1.14/turn               H - ring of protection from fire
MPRegen 0.23/turn               A - ring "Teom" {rN++ EV+4 Int+4 Dex-3 Stlth+}

@: paralysed, unable to drink, flying
A: breathe steam, AC +9, unfitting armour, cold-blooded, steam resistance
a: Breathe Steam, Renounce Religion, Shatter the Chains


You were on level 14 of the Dungeon.
You worshipped Ashenzari.
Ashenzari was greatly pleased with you.
You visited 4 branches of the dungeon, and saw 23 of its levels.
You also visited: Trove, Sewer, Ice Cave and Volcano.

You collected 1562 gold pieces.
You spent 491 gold pieces at shops.

Inventory:

Hand Weapons
 a - the cursed +5 dagger of Ashenzari's Pleiades (weapon) {flame, rElec rC+ Int+3, Elem, Fort}
   (You found it on level 4 of the Dungeon)

   It burns those it strikes, dealing additional fire damage.
   Int:       It affects your intelligence (+3).
   rC:        It protects you from cold.
   rElec:     It insulates you from electricity.
   It has a curse which improves the following skills: Elements: Fire Magic, Ice
   Magic, Air Magic and Earth Magic.
   Fortitude: Shields.
 b - a +0 dagger of holy wrath
Missiles
 f - 4 throwing nets
Armour
 p - the cursed +0 hat "Omen of the Sky" (worn) {Melee, Self}
   (You bought it in a shop on level 2 of the Orcish Mines)

   It has a curse which improves the following skills: Melee Combat: Short
   Blades, Long Blades, Axes, Maces & Flails, Polearms, Staves and Unarmed
   Combat.
   Introspection: Fighting and Spellcasting.
 s - the cursed +0 cloak "Unveiling Irritation" (worn) {rCorr Str+3, Range, Elem}
   (You acquired it on level 8 of the Dungeon)

   Str:       It affects your strength (+3).
   rCorr:     It protects you from acid and corrosion.
   It has a curse which improves the following skills: Ranged Combat: Slings,
   Bows, Crossbows and Throwing.
   Elements:  Fire Magic, Ice Magic, Air Magic and Earth Magic.
 v - a scarf of shadows
 z - the cursed +2 pair of gloves "Profound Vision" (worn) {Comp, Fort}
   (You found it on level 11 of the Dungeon)

   It has a curse which improves the following skills: Companions: Summonings
   and Necromancy.
   Fortitude: Shields.
 O - the cursed +2 pair of boots "Manifest Incredulity" (worn) {Fly, Cun, Elem}
   (You found it in an ice cave)

   It has a curse which improves the following skills: Cunning: Dodging and
   Stealth.
   Elements:  Fire Magic, Ice Magic, Air Magic and Earth Magic.
Jewellery
 y - the cursed amulet of the Omniscient Loss (around neck) {Regen+, Comp, Self}
   (You found it on level 8 of the Dungeon)

   [amulet of regeneration]

   Regen:     It increases your rate of health regeneration.
   It has a curse which improves the following skills: Companions: Summonings
   and Necromancy.
   Introspection: Fighting and Spellcasting.
 A - the ring "Teom" (right hand) {rN++ EV+4 Int+4 Dex-3 Stlth+}
   (You found it in a treasure trove)

   [ring of evasion]

   EV:        It affects your evasion (+4).
   Int:       It affects your intelligence (+4).
   Dex:       It affects your dexterity (-3).
   rN:        It greatly protects you from negative energy.
   Stlth:     It makes you more stealthy.
 H - a ring of protection from fire (left hand)
 K - the ring "Zagayps" {Fire Slay+3}
   (You found it in a treasure trove)

   [ring of fire]

   It enhances your fire magic.
   Slay:      It affects your accuracy & damage with ranged weapons and melee
   (+3).
   rF:        It protects you from fire.
   rC:        It makes you vulnerable to cold.
 M - a ring of ice
 N - the ring "Gaewkaex" {Int+6 Dex+6}
   (You found it in a treasure trove)

   [ring of dexterity]

   Int:       It affects your intelligence (+6).
   Dex:       It affects your dexterity (+6).
 P - a ring of protection from fire
 Q - an amulet of the acrobat
 X - the amulet "Dautupp" {RegenMP Harm rN+ Int+4}
   (You found it in a treasure trove)

   [amulet of magic regeneration]

   It increases your rate of magic regeneration.
   Int:       It affects your intelligence (+4).
   rN:        It protects you from negative energy.
   Harm:      It increases damage dealt and taken.
Wands
 t - a wand of flame (2)
 B - a wand of polymorph (5)
 C - a wand of paralysis (11)
 U - a wand of mindburst (3)
 V - a wand of charming (6)
 W - a wand of iceblast (7)
Scrolls
 d - 5 scrolls of noise
 e - 3 scrolls of holy word
 i - 4 scrolls of magic mapping
 j - 2 scrolls of enchant armour
 q - 4 scrolls of teleportation {@r4}
 u - 3 scrolls of vulnerability
 x - a scroll of summoning
 E - 3 scrolls of enchant weapon
 F - 3 scrolls of silence
 J - 2 scrolls of blinking
 L - a scroll of brand weapon
 S - a scroll of amnesia
 T - a scroll of fear
Potions
 c - 11 potions of curing {@q1}
 g - 3 potions of mutation
 h - 2 potions of cancellation
 k - 3 potions of attraction
 l - 4 potions of berserk rage
 m - 8 potions of heal wounds {@q2}
 n - 3 potions of lignification
 o - 2 potions of ambrosia
 r - 3 potions of flight
 w - 4 potions of haste {@q3}
 G - 2 potions of resistance
 I - a potion of magic
 R - 2 potions of invisibility


   Skills:
 + Level 13.4(16.2) Fighting
 + Level 9.6(11.6) Dodging
 + Level 3.4(5.2) Stealth
 + Level 10.3(13.2) Spellcasting
 - Level 9.5 Conjurations
 - Level 4.6(7.4) Necromancy
 - Level 7.4 Transmutations
 - Level 16.2(19.9) Ice Magic


You had 13 spell levels left.
You knew the following spells:

 Your Spells              Type           Power      Damage    Failure   Level
a - Searing Ray           Conj           100%       2d8       1%          2
b - Frozen Ramparts       Ice            100%       1d12      0%          3
c - Ozocubu's Armour      Ice            92%        N/A       0%          3
d - Freeze                Ice            100%       1d11      0%          1
e - Ozocubu's Refrigerat  Ice            46%        4d14      1%          7
f - Sublimation of Blood  Necr           57%        N/A       1%          2
g - Dispel Undead         Necr           57%        3d20      1%          4
h - Irradiate             Conj/Tmut      30%        3d24      2%          5

Your spell library contained the following spells:

 Spells                   Type           Power      Damage    Failure   Level
 Animate Skeleton         Necr           100%       N/A       1%          1
 Magic Dart               Conj           100%       1d8       1%          1
 Shock                    Conj/Air       100%       1d9       1%          1
 Corpse Rot               Necr/Air       80%        N/A       1%          2
 Passwall                 Tmut/Erth      33%        N/A       1%          2
 Dazzling Flash           Conj/Hex       90%        N/A       1%          3
 Spider Form              Tmut/Pois      39%        N/A       1%          3
 Stone Arrow              Conj/Erth      92%        3d12      1%          3
 Vampiric Draining        Necr           57%        2d10      1%          3
 Hailstorm                Conj/Ice       79%        3d16      1%          4
 Sandblast                Erth           42%        2d11      2%          1
 Summon Small Mammal      Summ           80%        N/A       2%          1
 Apportation              Tloc           36%        N/A       3%          1
 Slow                     Hex            72%        N/A       3%          1
 Agony                    Necr           57%        N/A       3%          5
 Fulminant Prism          Conj/Hex       22%        3d13      4%          4
 Petrify                  Tmut/Erth      40%        N/A       5%          4
 Anguish                  Hex/Necr       19%        N/A       6%          4
 Swiftness                Air            21%        N/A       7%          3
 Call Canine Familiar     Summ           20%        N/A       8%          3
 Inner Flame              Hex/Fire       20%        N/A       8%          3
 Summon Guardian Golem    Hex/Summ       19%        N/A       8%          3
 Confusing Touch          Hex            18%        N/A       9%          3
 Portal Projectile        Hex/Tloc       36%        N/A       9%          3
 Tukima's Dance           Hex            18%        N/A       9%          3
 Yara's Violent Unravell  Hex/Tmut       19%        3d9       17%         5
 Death Channel            Necr           28%        N/A       21%         6
 Airstrike                Air            10%        N/A       22%         4
 Leda's Liquefaction      Hex/Erth       10%        N/A       26%         4
 Cause Fear               Hex            9%         N/A       28%         4
 Olgreb's Toxic Radiance  Pois           18%        N/A       28%         4
 Passage of Golubria      Tloc           18%        N/A       28%         4
 Silence                  Hex/Air        10%        N/A       56%         5
 Discord                  Hex            9%         N/A       100%        8
 Ignition                 Fire           10%        3d5       100%        8


Dungeon Overview and Level Annotations

Branches:
Dungeon (14/15)            Temple (1/1) D:6            Lair (6/6) D:8
  Swamp (0/4) Lair:3       Spider (0/4) Lair:4        Slime (0/5) Lair:6
    Orc (2/2) D:11            Elf (0/3) Orc:2         Sewer (visited)
  IceCv (visited)         Volcano (visited)
 Vaults: D:13-14

Altars:
Ashenzari
Cheibriados
Dithmenos
Elyvilon
Fedhas
Gozag
Hepliaklqana
Kikubaaqudgha
Makhleb
Nemelex Xobeh
Okawaru
Qazlal
Ru
Sif Muna
Trog
Uskayaw
Vehumet
Wu Jian
Xom
Yredelemnul
Zin
The Shining One
Beogh
Jiyva

Shops:
D:9 ?   D:13 (   Orc:2 !*[[

Portals:
Hell: Lair:6

Annotations:
D:3 2 transporters
D:12 2 transporters, Fuumyij's ghost, journeyman DsGl
Lair:1 2 transporters


Innate Abilities, Weirdness & Mutations

You can breathe blasts of scalding, opaque steam.
Your pale cyan-grey scales are hard. (AC +9)
You cannot fit into any form of body armour.
You are cold-blooded and may be slowed by cold attacks.
You are immune to the effects of steam.


Message History

The ogre mage is severely wounded.
The two-headed ogre is heavily wounded.
The two-headed ogre is severely wounded.
The troll is severely wounded.
The boulder beetle is moderately wounded.
The skeletal warrior resists.
The skeletal warrior is almost destroyed.
The harpy is almost dead.
The harpy misses you. The harpy claws you but does no damage.
The skeletal warrior completely misses you.
The troll bites you but does no damage. The troll completely misses you.
The troll misses you. The harpy claws you but does no damage.
The harpy claws you.
The two-headed ogre completely misses you.
The two-headed ogre misses you.
The boulder beetle completely misses you.
The boulder beetle stops rolling and uncurls.
The harpy claws you. The harpy completely misses you.
The boulder beetle curls into a ball and begins rolling!
The two-headed ogre misses you. x2
The skeletal warrior completely misses you.
The harpy completely misses you. The harpy closely misses you.
The ogre mage casts a spell at you.
You suddenly lose the ability to move!
The ogre mage points at you and mumbles some strange words.
The bolt of magma hits you! You partially resist. The boulder beetle hits you!
The boulder beetle stops rolling and uncurls.
The harpy claws you but does no damage. x2
The harpy barely misses you. The harpy claws you but does no damage.
The boulder beetle bites you but does no damage.
The skeletal warrior hits you from afar with a +0 halberd.
The ogre mage hits you with a +0 club! The harpy claws you.
The harpy claws you but does no damage. The boulder beetle bites you!!
* * * LOW HITPOINT WARNING * * *
The two-headed ogre hits you with a +0 giant spiked club!
* * * LOW HITPOINT WARNING * * *
The two-headed ogre barely misses you.
The skeletal warrior hits you from afar with a +0 halberd!!
You die...

,, , ,, ,* , * , ,, ,,
,,, , **#..#.# , ..,
,,, * , .....#∩ .......
,,, ,..#.###....... , ,
*#.............
****,#####.#.#.#...B...
,#####........○...,
#.#H@O#.....#.... ,
#...OBzz...#).# > , ,
#......OT.....).#∆ ,
##.....^......#.# ,
##............... ,
#.........(##....#**
*#.....#............,
#.........#.##.......,
#........>#.#*.......


You could see a boulder beetle, 2 skeletal warriors, 2 two-headed ogres, an ogre
mage, a harpy shaped shifter and a troll.

Vanquished Creatures
  Frances (D:13)
  Kirke (Lair:6)
  An orc warlord (Orc:2)
  A reaper (IceCv)
  Snorg (D:11)
  Fannar (Lair:2)
  Harold (D:9)
  A catoblepas (Lair:4)
  4 boulder beetles
  12 hydras
  3 two-headed ogres
  5 death yaks
  A hell hog (Volcano)
  Nergalle (D:11)
  Sonja (Lair:2)
  A sun demon (Lair:6)
  2 skeletal warriors (D:14)
  A fire crab (Volcano)
  A wizard (Lair:6)
  2 lindwurms (Lair:6)
  9 orc knights
  An orc sorcerer (D:10)
  2 manticores
  An ugly thing (D:13)
  A centaur zombie (D:10)
  A cyclops (Orc:1)
  2 ice statues (IceCv)
  5 black mambas
  Joseph (D:7)
  4 elephants
  2 molten gargoyles (Volcano)
  A torpor snail (Lair:4)
  16 cane toads
  4 orange demons (Lair:6)
  A cane toad (shapeshifter) (D:13)
  3 unseen horrors
  7 rime drakes
  11 komodo dragons
  A kobold demonologist (D:13)
  An entropy weaver simulacrum (IceCv)
  A hellwing (Lair:6)
  9 ice devils
  A polar bear (Lair:6)
  3 trolls
  A troll (shapeshifter) (D:13)
  7 slime creatures (D:12)
  A hornet (D:10)
  14 blink frogs
  A dire elephant simulacrum (IceCv)
  2 shadows
  5 humans (D:9)
  49 yaks
  13 fire bats
  2 vampires
  3 water elementals (D:12)
  4 wyverns
  4 hogs (Lair:6)
  4 basilisks
  A human (shapeshifter) (D:13)
  A death yak simulacrum (IceCv)
  3 steam dragons
  5 vampire mosquitoes
  A swamp worm (Lair:3)
  15 wargs
  An acid dragon (D:9)
  17 water moccasins
  5 hell hounds
  43 orc warriors
  A sky beast (D:8)
  3 black bears
  A necrophage (D:4)
  5 ogres
  38 wolves
  5 centaurs
  4 kobold brigands
  12 bullfrogs
  A wyvern zombie (D:7)
  A gnoll sergeant (D:7)
  2 scorpions
  A two-headed ogre simulacrum (IceCv)
  3 cane toad simulacra (IceCv)
  4 killer bees (D:9)
  2 elephant simulacra (IceCv)
  4 howler monkeys
  2 wights
  9 electric eels
  8 lava snakes (Volcano)
  2 jellies
  A gnoll shaman (D:8)
  11 orc priests
  5 hounds
  A centaur skeleton (D:6)
  2 iguanas (Lair:3)
  8 orc wizards
  4 spriggan simulacra (IceCv)
  A troll simulacrum (IceCv)
  A killer bee zombie (D:7)
  A hound skeleton (D:4)
  2 howler monkey zombies
  9 adders
  12 gnolls
  2 naga simulacra (IceCv)
  2 river rats (Sewer)
  2 shadow imps
  6 white imps
  3 ufetubi
  3 worms
  2 dart slugs (D:4)
  80 orcs
  6 endoplasms
  8 giant cockroaches
  5 goblins
  9 hobgoblins
  2 jackals (Sewer)
  20 kobolds
  10 quokkas
  5 ball pythons
  7 bats
  A frilled lizard (D:2)
  6 rats
  A bush (Lair:6)
  A butterfly (Lair:3)
679 creatures vanquished.

Vanquished Creatures (others)
  A wizard (D:3)
  A human (Lair:6)
  An orc warrior (D:10)
  38 fungi
  75 plants
116 creatures vanquished.

Grand Total: 795 creatures vanquished

Notes
Turn   | Place    | Note
-------+----------+-------------------------------------------
     0 | D:1      | freelancePsychic the Draconian Ice Elementalist began the
                  | quest for the Orb.
     0 | D:1      | Reached XP level 1. HP: 14/14 MP: 3/3
   250 | D:1      | Got the Tome of Hexes and Toxins
   262 | D:1      | Found a faded altar of an unknown god.
   654 | D:1      | Reached skill level 1 in Fighting
   654 | D:1      | Reached XP level 2. HP: 20/23 MP: 0/5
   807 | D:1      | Reached XP level 3. HP: 24/29 MP: 1/6
  1455 | D:2      | Noticed a scorpion
  1483 | D:1      | Learned a level 3 spell: Frozen Ramparts
  1487 | D:1      | Learned a level 3 spell: Ozocubu's Armour
  1832 | D:2      | Reached XP level 4. HP: 36/36 MP: 6/8
  1986 | D:3      | Found a bloodstained altar of Trog.
  1987 | D:3      | Noticed a wizard
  1993 | D:3      | Killed a wizard
  2235 | D:3      | Found a transporter.
  2465 | D:3      | Found a transporter.
  3043 | D:4      | Found a sacrificial altar of Ru.
  3103 | D:4      | Reached XP level 5. HP: 43/44 MP: 9/9
  3110 | D:4      | Noticed a necrophage
  3133 | D:4      | Killed a necrophage
  3134 | D:4      | Reached skill level 5 in Ice Magic
  3169 | D:4      | Identified the +5 dagger of Kismet {flame, rElec rC+ Int+3}
  3240 | D:4      | Found an iron altar of Okawaru.
  3331 | D:4      | Reached XP level 6. HP: 31/51 MP: 4/11
  3588 | D:4      | Reached skill level 1 in Conjurations
  3588 | D:4      | Reached skill level 1 in Transmutations
  4152 | D:4      | Found a hazy altar of Hepliaklqana.
  4420 | D:4      | Learned a level 2 spell: Searing Ray
  4438 | D:5      | Entered Level 5 of the Dungeon
  4504 | D:5      | Noticed a water moccasin
  4514 | D:5      | Killed a water moccasin
  4515 | D:5      | Your scales start taking on a pale cyan-grey colour.
  4515 | D:5      | Reached XP level 7. HP: 59/59 MP: 3/13
  4515 | D:5      | Gained mutation: You are immune to the effects of steam.
                  | [Pale Draconian growth]
  5189 | D:5      | Identified the +0 plate armour of Death Resistance {rPois}
  5460 | D:6      | Reached skill level 5 in Fighting
  5460 | D:6      | Found a large runed translucent door.
  5461 | D:6      | Found a large runed translucent door.
  5470 | D:6      | Found a burning altar of Makhleb.
  5522 | D:6      | Found a shimmering blue altar of Sif Muna.
  5588 | D:6      | Reached XP level 8. HP: 55/68 MP: 12/15
  5619 | D:6      | Reached skill level 5 in Spellcasting
  5620 | D:6      | Found a staircase to the Ecumenical Temple.
  5768 | D:6      | Found a glowing drain.
  5787 | Sewer    | Entered a sewer
  5923 | Sewer    | Found a white marble altar of Elyvilon.
  5969 | Sewer    | Learned a level 5 spell: Irradiate
  6062 | Temple   | Entered the Ecumenical Temple
  6249 | Temple   | Became a worshipper of Ashenzari the Shackled
  7068 | D:7      | Found an opulent altar of Gozag.
  7711 | D:7      | Noticed Joseph
  7725 | D:7      | Killed Joseph
  7726 | D:7      | Reached skill level 5 in Conjurations
  7726 | D:7      | Reached skill level 5 in Transmutations
  7726 | D:7      | Reached XP level 9. HP: 65/78 MP: 6/18
  8555 | D:8      | Found a stormy altar of Qazlal.
  8626 | D:8      | Found a staircase to the Lair.
  8656 | D:8      | Identified a scroll of acquirement
  8656 | D:8      | Acquired the +0 cloak of Lely {rCorr Str+3}
  8691 | D:8      | Reached * piety under Ashenzari
  9424 | D:8      | Reached ** piety under Ashenzari
  9616 | D:9      | Reached XP level 10. HP: 88/88 MP: 10/20
  9732 | D:9      | Noticed Harold
  9738 | D:9      | Killed Harold
  9830 | D:9      | Found a radiant altar of Vehumet.
  9875 | D:9      | Noticed a two-headed ogre
  9886 | D:9      | Killed a two-headed ogre
 10096 | D:9      | Found Binorgh's Magic Scroll Boutique.
 10106 | D:9      | Bought a scroll of magic mapping for 49 gold pieces
 10106 | D:9      | Bought a scroll of teleportation for 42 gold pieces
 10434 | D:10     | Entered Level 10 of the Dungeon
 10467 | D:10     | Reached *** piety under Ashenzari
 10529 | D:10     | Noticed an orc sorcerer
 10536 | D:10     | Killed an orc sorcerer
 10661 | D:10     | Paralysed by a hornet for 2 turns
 10798 | D:10     | Found a shimmering altar of Xom.
 10841 | D:10     | Reached skill level 5 in Dodging
 10841 | D:10     | Reached skill level 6 in Ice Magic
 10841 | D:10     | Reached XP level 11. HP: 61/102 MP: 2/23
 11211 | D:10     | Found a glowing silver altar of Zin.
 11211 | D:10     | Noticed an angel
 11439 | D:11     | Found a staircase to the Orcish Mines.
 11906 | D:11     | Noticed Nergalle
 11917 | D:11     | Killed Nergalle
 11918 | D:11     | Reached skill level 10 in Fighting
 12114 | D:11     | Noticed a boulder beetle
 12135 | D:11     | Killed a boulder beetle
 12233 | D:11     | Noticed Snorg
 12242 | D:11     | Killed Snorg
 12243 | D:11     | Reached skill level 7 in Ice Magic
 12719 | D:11     | Noticed a boulder beetle
 12740 | D:11     | Killed a boulder beetle
 13279 | Lair:1   | Entered Level 1 of the Lair of Beasts
 13347 | Lair:1   | Noticed a four-headed hydra
 13363 | Lair:1   | Killed a four-headed hydra
 13399 | Lair:1   | Noticed a six-headed hydra
 13414 | Lair:1   | Killed a six-headed hydra
 13415 | Lair:1   | Reached XP level 12. HP: 107/113 MP: 18/24
 13466 | Lair:1   | Found a transporter.
 13525 | Lair:1   | Found a transporter.
 13568 | Lair:1   | Reached skill level 8 in Ice Magic
 14271 | Lair:2   | Learned a level 7 spell: Ozocubu's Refrigeration
 14272 | Lair:2   | Noticed Sonja
 14277 | Lair:2   | Killed Sonja
 14841 | Lair:2   | Noticed a five-headed hydra
 14841 | Lair:2   | Noticed a five-headed hydra
 14841 | Lair:2   | Noticed Fannar
 14852 | Lair:2   | Killed a five-headed hydra
 14854 | Lair:2   | Killed Fannar
 14855 | Lair:2   | Reached skill level 9 in Ice Magic
 14857 | Lair:2   | Killed a five-headed hydra
 14955 | Lair:2   | Noticed a seven-headed hydra
 14968 | Lair:2   | Killed a seven-headed hydra
 15511 | Lair:3   | Found a frozen archway.
 15582 | IceCv    | Entered an ice cave
 15741 | IceCv    | Reached XP level 13. HP: 90/123 MP: 11/26
 16051 | IceCv    | Reached skill level 10 in Ice Magic
 16519 | IceCv    | Noticed a reaper
 16531 | IceCv    | Killed a reaper
 16935 | Lair:3   | Reached skill level 11 in Ice Magic
 17331 | Lair:3   | Reached skill level 12 in Ice Magic
 17441 | Lair:3   | Identified the +11 arbalest "Cait" {penet, Fragile rPois
                  | rF+ Dex+3}
 17530 | Lair:3   | Found a basalt altar of Yredelemnul.
 18091 | Lair:3   | Identified the +2 leather armour of the Morning Star {Drain
                  | rPois Regen+ SInv}
 18140 | Lair:3   | Found a staircase to the Swamp.
 18689 | Lair:4   | Reached skill level 13 in Ice Magic
 18800 | Lair:4   | Found a hole to the Spider Nest.
 19245 | Lair:4   | Reached skill level 14 in Ice Magic
 19692 | Lair:5   | Reached XP level 14. HP: 115/130 MP: 12/27
 20368 | Lair:6   | Entered Level 6 of the Lair of Beasts
 20499 | Lair:6   | Reached skill level 15 in Ice Magic
 20555 | Lair:6   | Noticed Kirke
 20564 | Lair:6   | Killed Kirke
 20664 | Lair:6   | Found a staircase to the Slime Pits.
 20794 | Lair:6   | Found a viscous altar of Jiyva.
 21253 | Lair:6   | Reached **** piety under Ashenzari
 21742 | Lair:6   | Learned a level 2 spell: Sublimation of Blood
 21800 | Lair:6   | Found a burning altar of Makhleb.
 21806 | Lair:6   | Reached skill level 1 in Necromancy
 21936 | Lair:6   | Reached skill level 16 in Ice Magic
 22277 | Lair:6   | Found a gateway to Hell.
 22652 | Orc:1    | Entered Level 1 of the Orcish Mines
 22778 | Orc:1    | Found a dark tunnel.
 22806 | Volcano  | Entered a volcano
 23023 | Volcano  | Found a burning altar of Makhleb.
 23307 | Volcano  | Learned a level 4 spell: Dispel Undead
 23915 | Orc:2    | Entered Level 2 of the Orcish Mines
 24015 | Orc:2    | Found Umuel's Armour Shop.
 24026 | Orc:2    | Found Dehez's Armour Emporium.
 24163 | Orc:2    | Bought a +0 hat for 60 gold pieces
 24344 | Orc:2    | Found a staircase to the Elven Halls.
 24580 | Orc:2    | Found Emud Jeh's Assorted Antiques.
 24583 | Orc:2    | Found Wutu Gyguwol's Distillery.
 24585 | Orc:2    | Reached XP level 15. HP: 132/139 MP: 22/30
 24860 | Orc:2    | Noticed an orc warlord
 24869 | Orc:2    | Killed an orc warlord
 25402 | Orc:2    | Bought a potion of curing for 39 gold pieces
 25402 | Orc:2    | Bought a potion of haste for 130 gold pieces
 25402 | Orc:2    | Bought a potion of curing for 39 gold pieces
 25402 | Orc:2    | Bought a potion of invisibility for 104 gold pieces
 25660 | D:12     | Noticed Fuumyij's ghost (journeyman DsGl)
 25791 | D:12     | Reached skill level 10 in Spellcasting
 25924 | D:12     | Found a transporter.
 25971 | D:12     | Found a transporter.
 26796 | D:13     | Noticed Frances
 26803 | D:13     | Killed Frances
 26914 | D:13     | Found Qibbiet's Weapon Emporium.
 27196 | D:13     | Found a portal to a secret trove of treasure.
 27368 | D:9      | Bought a scroll of fog for 28 gold pieces
 27516 | D:13     | You paid a toll of 4 scrolls of fog to enter a treasure
                  | trove
 27517 | Trove    | Entered a treasure trove
 27519 | Trove    | Identified the amulet of Xonletel {RegenMP Dex+2}
 27519 | Trove    | Identified the ring "Teom" {rN++ EV+4 Int+4 Dex-3 Stlth+}
 27520 | Trove    | Identified the ring "Zagayps" {Fire Slay+3}
 27521 | Trove    | Identified the amulet of Kian {Reflect rCorr Dex+5 SH+5
                  | Stlth-}
 27521 | Trove    | Identified the ring "Gaewkaex" {Int+6 Dex+6}
 27521 | Trove    | Identified the amulet "Dautupp" {RegenMP Harm rN+ Int+4}
 27521 | Trove    | Identified the amulet of Uneiwn {Spirit rF+}
 27568 | Trove    | Reached ***** piety under Ashenzari
 28085 | D:14     | Paralysed by an ogre mage for 5 turns
 28088 | D:14     | Mangled by a skeletal warrior

Illustrated notes

Levels and vault maps discovered:
D:1:      psy_arrival_conway, layout_basic, shapermc_ecumenical_altar_hornbeckon
D:2:      layout_loops_ring, st_stairs_3, minmay_crystal_water,
          amethyst_killhole
D:3:      gammafunk_wand_slinger, layout_loops_ring, trog_wizard
D:4:      layout_basic, nicolae_ru_path_of_blood, okawaru_trees_1,
          mainiacjoe_overflow_tiny_flanked
D:5:      layout_basic, abandoned_shop, skrybe_limestone_x
D:6:      layout_basic, jmf_multi_god_temple2, minmay_temple_entry_mist,
          gup_sewer_entry_pipe
D:7:      layout_loops_ring, lemuel_crystal_altar, uniq_joseph
D:8:      layout_basic, grunt_qazlal_clouds, lair_entry_dummy
D:9:      layout_irregular_city, nicolae_vehumet_altar_sigil, serial_shops,
          nicolae_lakefront_shop, corexii_leaking_fountain, minmay_ruffians,
          uniq_harold
D:10:     layout_gridville, xom_confusion_cloud, zin_angel, minmay_librarian
D:11:     layout_grid_maze, david_orc_1_choice, uniq_nergalle, uniq_snorg
D:12:     layout_basic, nzn_ghost_randoct, minmay_liquid_box
D:13:     layout_roguey, serial_shops, shop, nicolae_trove_entry_isolated,
          nicolae_figureground_sparkle, uniq_frances
D:14:     layout_rooms, david_vaults_2, special_room [special_room_orc]
Temple:   bh_familiar_temple
Lair:1:   layout_regular_city, gammafunk_ghost_hive, grunt_megastairs_4
Lair:2:   layout_loops_ring, serial_bayou_shore_b, grunt_megastairs_1,
          uniq_sonja, uniq_fannar
Lair:3:   layout_gridlike, palyth_hydra_swamp_entry, basic_altar,
          portal_ice_cave_rime, chequers_serial_rivers_micro_d,
          serial_bayou_lake_a, lemuel_fruit_fields, serial_bayou_shore_a
Lair:4:   layout_cave_shapes, dummy_spider_entry
Lair:5:   layout_misc_corridors
Lair:6:   evil_forest, layout_regular_city, slime_altar_1, uniq_kirke
Orc:1:    layout_diamond_mine, nicolae_volcano_entry_batcave
Orc:2:    st_orc_town, layout_diamond_mine

Skill      XL: |  1  2  3  4  5  6  7  8  9 10 11 12 13 14 15 |
---------------+----------------------------------------------+-----
Fighting       | 1 2 3 4 5 6 8 9 10 12 13 | 13.4
Spellcasting   | 3 4 6 8 9 10 | 10.3
Ice Magic      | 5 6 7 9 14 16 | 16.2
Conjurations   | 2 3 5 6 8 9 |  9.5
Transmutations | 2 3 5 6 7 |  7.4
Dodging        | 2 5 6 8 9 |  9.6
Necromancy     | 4 |  4.6
Stealth        | 2 3 |  3.4

Action                   |  1- 3 |  4- 6 |  7- 9 | 10-12 | 13-15 || total
-------------------------+-------+-------+-------+-------+-------++-------
Melee: Dagger            |    56 |   116 |   213 |   297 |   524 ||  1206
       Tailslap          |    10 |    14 |    30 |    63 |   115 ||   232
       Punch             |     1 |     2 |     2 |     7 |    17 ||    29
 Cast: Freeze            |    32 |    12 |       |       |       ||    44
       Frozen Ramparts   |       |    14 |    19 |    34 |    15 ||    82
       Ozocubu's Armour  |       |     8 |     7 |    24 |    10 ||    49
       Searing Ray       |       |       |    11 |     2 |     2 ||    15
       Irradiate         |       |       |     1 |    38 |    90 ||   129
       Ozocubu's Refrige |       |       |       |       |   114 ||   114
       Sublimation of Bl |       |       |       |       |    21 ||    21
       Dispel Undead     |       |       |       |       |     7 ||     7
Invok: Curse Item        |       |       |     3 |     1 |     4 ||     8
       Shatter the Chain |       |       |       |       |     2 ||     2
 Abil: Breathe Steam     |       |       |    10 |    15 |    19 ||    44
Evoke: Wand              |       |       |       |     6 |       ||     6
  Use: Scroll            |       |     6 |     4 |     2 |       ||    12
       Potion            |       |     1 |       |       |     1 ||     2
 Stab: Sleeping          |     3 |     5 |     1 |     6 |    10 ||    25
       Petrified         |       |       |       |       |     5 ||     5
       Distracted        |       |       |       |       |     1 ||     1
Armor: Skin              |    27 |    44 |   100 |   194 |   315 ||   680
Dodge: Dodged            |    64 |    71 |   191 |   359 |   628 ||  1313

Table legend: (Time is in decaauts)
 A = Elapsed time spent in this place.
 B = Non-inter-level travel time spent in this place.
 C = Inter-level travel time spent in this place.
 D = Time resting spent in this place.
 E = Time spent auto-exploring this place.
 F = Levels seen in this place.
 G = Mean time per level.
                   A        B        C        D        E       F      G
               +--------+--------+--------+--------+--------+-----+--------+
         Total |  28210 |  26257 |   1953 |   1306 |  19905 |  27 | 1044.8 |
       Dungeon |  15547 |  14066 |   1481 |    380 |  11256 |  14 | 1110.5 |
        Temple |    212 |    160 |     52 |      0 |    151 |   1 |  212.0 |
          Lair |   8030 |   7758 |    272 |    422 |   5855 |   6 | 1338.3 |
  Orcish Mines |   2299 |   2153 |    146 |     76 |   1651 |   2 | 1149.5 |
         Trove |     67 |     67 |      0 |      0 |      0 |   1 |   67.0 |
         Sewer |    218 |    218 |      0 |      0 |    120 |   1 |  218.0 |
      Ice Cave |   1308 |   1308 |      0 |    418 |    473 |   1 | 1308.0 |
       Volcano |    525 |    525 |      0 |     10 |    398 |   1 |  525.0 |
               +--------+--------+--------+--------+--------+-----+--------+

Top non-repeatable levels by time:
  Lair:6: 2168 daAuts
    D:11: 1947 daAuts
  Lair:3: 1838 daAuts
     D:4: 1641 daAuts
   Orc:2: 1548 daAuts
    D:12: 1419 daAuts
   IceCv: 1308 daAuts
     D:6: 1248 daAuts
     D:7: 1180 daAuts
     D:3: 1150 daAuts
     D:2: 1149 daAuts
  Lair:2: 1119 daAuts
    D:10: 1091 daAuts
  Lair:1: 1069 daAuts
  Lair:4: 1037 daAuts
